 Dungeon Crawl Stone Soup version 0.30-a0-462-gd5975efbca (webtiles) character file.

Game seed: 16061534638438642617

2445 ragingrage the Zephyrmancer (level 9, -11/51 HPs)
             Began as an Octopode Air Elementalist on Dec 16, 2022.
             Was an Initiate of Gozag.
             Mangled by a wyvern zombie (15 damage)
             ... on level 7 of the Dungeon.
             The game lasted 00:08:21 (8353 turns).

ragingrage the Zephyrmancer (OpAE)                  Turns: 8353, Time: 00:08:22

Health: -11/51     AC:  1    Str:  7    XL:     9   Next: 49%
Magic:  17/21      EV: 14    Int: 24    God:    Gozag
Gold:   78         SH:  5    Dex: 18    Spells: 2/12 levels left

rFire   + . .      SeeInvis .    a - +9 whip "Acej" {drain, MP+9 Int+2}
rCold   . . .      Faith    .    (no shield)
rNeg    . . .      Spirit   .    (helmet restricted)
rPois   .          Reflect  +    A - amulet of reflection
rElec   .          Harm     .    c - ring of protection from fire
rCorr   .          Rampage  .    u - +6 ring of dexterity
Will    +....                    w - ring of willpower
Stlth   +++++.....               (no ring)
HPRegen 0.28/turn                (no ring)
MPRegen 0.17/turn                (no ring)
                                 (no ring)
                                 (no ring)

@: gold aura
A: almost no armour, amphibious, 8 rings, camouflage 1, gelatinous body 1,
(nimble swimmer 1), tentacles
a: Renounce Religion, Potion Petition, Call Merchant, Bribe Branch


You were on level 7 of the Dungeon.
You worshipped Gozag.
Gozag was noncommittal.
You visited 2 branches of the dungeon, and saw 8 of its levels.

You collected 290 gold pieces.
You spent 114 gold pieces at shops.
You paid 98 gold pieces to Gozag.

Inventory:

Hand Weapons
 a - the +9 whip "Acej" (weapon) {drain, MP+9 Int+2}
   (You took it off an orc on level 7 of the Dungeon)

   A truly terrible weapon, it drains the life of any living foe it strikes.
   Int:       It affects your intelligence (+2).
   MP:        It affects your magic capacity (+9).
 b - a +8 short sword of protection
Missiles
 t - a throwing net
 y - 6 poisoned darts
Jewellery
 c - a ring of protection from fire (left tentacle)
 u - a +6 ring of dexterity (right tentacle)
 w - a ring of willpower (on tentacle)
 A - an amulet of reflection (around mantle)
Wands
 n - a wand of digging (5)
 v - a wand of flame (14)
Scrolls
 d - 2 scrolls of enchant armour {unknown}
 f - 11 scrolls of identify {unknown}
 j - a scroll of immolation {unknown}
 k - 2 scrolls of teleportation {unknown}
 m - a scroll of brand weapon {unknown}
 p - a scroll of poison {unknown}
 s - a scroll of vulnerability {unknown}
 x - a scroll of acquirement {unknown}
 B - a scroll of fog {unknown}
 D - a scroll of fear {unknown}
Potions
 e - 3 potions of heal wounds {unknown}
 g - 2 potions of mutation {unknown}
 h - a potion of flight {unknown}
 i - a potion of cancellation {unknown}
 l - 5 potions of curing {unknown}
 o - 2 potions of haste {unknown}
 q - 3 potions of berserk rage {unknown}
 r - a potion of ambrosia {unknown}
 z - a potion of resistance {unknown}
 C - 4 potions of magic


   Skills:
 - Level 2.3 Dodging
 + Level 8.2 Stealth
 - Level 2.2 Spellcasting
 - Level 3.0 Conjurations
 + Level 11.1 Air Magic


You had 2 spell levels left.
You knew the following spells:

 Your Spells              Type           Power      Damage    Failure   Level
a - Shock                 Conj/Air       100%       1d9       1%          1
b - Static Discharge      Conj/Air       72%        2-5/arc   1%          2
c - Swiftness             Air            54%        N/A       1%          3
d - Airstrike             Air            27%        2d(4-20)  1%          4

Your spell library contained the following spells:

 Spells                   Type           Power      Damage    Failure   Level
 Slow                     Hex            8%         N/A       12%         1
 Scorch                   Fire           4%         2d5       19%         2
 Confusing Touch          Hex            2%         N/A       34%         3
 Frozen Ramparts          Ice            4%         1d1       34%         3
 Vampiric Draining        Necr           2%         2d6       34%         3
 Flame Wave               Conj/Fire      9%         2d6       54%         4
 Ice Form                 Ice/Tmut       2%         N/A       75%         4
 Summon Ice Beast         Ice/Summ       2%         N/A       75%         4
 Summon Cactus Giant      Summ           1%         N/A       100%        6


Dungeon Overview and Level Annotations

Branches:
Dungeon (7/15)             Temple (1/1) D:7

Altars:
Ashenzari
Cheibriados
Dithmenos
Elyvilon
Fedhas
Gozag
Hepliaklqana
Kikubaaqudgha
Makhleb
Nemelex Xobeh
Okawaru
Qazlal
Sif Muna
Trog
Uskayaw
Wu Jian
Xom

Shops:
D:3 (

Annotations:
D:2 exclusion: downstairs
D:3 exclusion: downstairs


Innate Abilities, Weirdness & Mutations

You cannot wear most types of armour.
You are amphibious.
You can wear up to eight rings at the same time.
Your skin changes colour to match your surroundings (Stealth+).
Your rubbery body absorbs attacks. (AC +1, EV +1)
((You are camouflaged when in or above water. (Stealth+)))
You have tentacles for arms and can constrict up to eight enemies at once.


Message History

The puff of frost hits you!
You are too injured to fight recklessly!
You are too injured to fight recklessly!
You barely miss the white imp. You squeeze the white imp.
You kill the white imp!
You hit the wyvern zombie. Your squeeze misses the wyvern zombie.
The wyvern zombie is lightly damaged.
The wyvern zombie bites you.
You barely miss the wyvern zombie.
The wyvern zombie is lightly damaged.
The wyvern zombie closely misses you. You block the wyvern zombie's attack.
You whack the wyvern zombie! You squeeze the wyvern zombie.
The wyvern zombie is moderately damaged.
The wyvern zombie bites you.
Aiming: Shock (safe; 1% risk of failure)
Press: ? - help, Q - select action, (/) - cycle Shift-Dir - straight line The zap hits the wyvern zombie.
The wyvern zombie is heavily damaged.
The zap hits the wyvern zombie.
The wyvern zombie is heavily damaged.
The wyvern zombie bites you!
* * * LOW HITPOINT WARNING * * *
Aiming: Shock (safe; 1% risk of failure)
Press: ? - help, Q - select action, (/) - cycle Shift-Dir - straight line The zap hits the wyvern zombie.
The wyvern zombie is heavily damaged.
The zap hits the wyvern zombie.
The wyvern zombie is heavily damaged.
The wyvern zombie bites you!
* * * LOW HITPOINT WARNING * * *
The wyvern zombie closely misses you.
Aiming: Shock (safe; 1% risk of failure)
Press: ? - help, Q - select action, (/) - cycle Shift-Dir - straight line The zap hits the wyvern zombie but does no damage.
The wyvern zombie is heavily damaged.
The zap hits the wyvern zombie.
The wyvern zombie is severely damaged.
The wyvern zombie bites you!
You die...
Your body crumbles into a pile of gold.

#.#
#.#############################
#.)............................
#)#############################
#.# ##.####### ##########
#......... .........
##..############.#......
................@$......
................Z#......
........................
....#...................
....<......######.......
....#.#.##.####.........
....#.#.##.#....##...... ....#
# .#.#....# .....
....#.#.##.#....##..


You could see a wyvern zombie.

Vanquished Creatures
  Pikel (D:4)
  A water moccasin (D:7)
  2 hornet zombies (D:7)
  2 black bears
  An orc warrior (D:6)
  3 ice beasts
  A phantom (D:6)
  2 lemures (D:4)
  A necrophage (D:5)
  2 scorpions
  2 howler monkeys (D:5)
  A jelly (D:4)
  4 hounds
  A gnoll bouda (D:4)
  Ijyb (D:5)
  Terence (D:3)
  Natasha (twice) (D:4)
  5 iguanas
  2 orc wizards
  A howler monkey zombie (D:7)
  Robin (D:3)
  12 gnolls
  3 adders
  3 white imps
  3 worms
  23 orcs
  7 ball pythons
  9 bats
  3 endoplasms
  4 giant cockroaches (D:1)
  11 goblins
  14 hobgoblins
  4 jackals (D:4)
  4 quokkas
  2 frilled lizards (D:1)
  3 kobolds
  7 rats
149 creatures vanquished.

Vanquished Creatures (others)
  2 withered plants (D:7)
2 creatures vanquished.

Grand Total: 151 creatures vanquished

Notes
Turn   | Place    | Note
-------+----------+-------------------------------------------
     0 | D:1      | ragingrage the Octopode Air Elementalist began the quest
                  | for the Orb.
     0 | D:1      | Reached XP level 1. HP: 11/11 MP: 3/3
   266 | D:1      | Reached XP level 2. HP: 17/17 MP: 1/5
  1201 | D:2      | Reached XP level 3. HP: 21/21 MP: 2/6
  1481 | D:2      | Found a faded altar of an unknown god.
  2188 | D:3      | Reached XP level 4. HP: 27/27 MP: 5/7
  2372 | D:3      | Noticed Robin
  2457 | D:3      | Reached skill level 4 in Air Magic
  3036 | D:3      | Noticed Terence
  3150 | D:3      | Found Tyon's Antique Weapon Shop.
  3155 | D:3      | Bought a runed short sword for 114 gold pieces
  3197 | D:3      | Killed Robin
  3198 | D:3      | Reached XP level 5. HP: 31/31 MP: 1/8
  3220 | D:3      | Killed Terence
  3390 | D:4      | Noticed Pikel
  3390 | D:4      | Noticed a lemure
  3733 | D:4      | Noticed a lemure
  3733 | D:4      | Noticed a lemure
  3881 | D:3      | Learned a level 2 spell: Static Discharge
  3885 | D:3      | Learned a level 3 spell: Swiftness
  3968 | D:4      | Reached skill level 5 in Air Magic
  4034 | D:4      | Reached XP level 6. HP: 31/36 MP: 2/9
  4045 | D:4      | Noticed a black bear
  4291 | D:4      | Killed a black bear
  4292 | D:4      | Reached skill level 6 in Air Magic
  4386 | D:4      | Killed Pikel
  4387 | D:4      | Reached skill level 8 in Air Magic
  4387 | D:4      | Reached XP level 7. HP: 38/41 MP: 2/10
  4387 | D:4      | Reached XP level 8. HP: 43/46 MP: 2/11
  4458 | D:4      | Noticed Natasha
  4466 | D:4      | Killed Natasha
  4725 | D:4      | Reached skill level 9 in Air Magic
  4935 | D:4      | Noticed Natasha
  4943 | D:4      | Killed Natasha
  5015 | D:5      | Entered Level 5 of the Dungeon
  5364 | D:5      | Noticed Ijyb
  5375 | D:5      | Killed Ijyb
  5853 | D:5      | Reached skill level 10 in Air Magic
  6604 | D:6      | Reached skill level 5 in Stealth
  6739 | D:6      | Reached XP level 9. HP: 51/51 MP: 8/12
  7763 | D:7      | Identified the +9 whip "Acej" {drain, MP+9 Int+2}
  7897 | D:7      | Reached skill level 11 in Air Magic
  8011 | D:7      | Found a burning altar of Makhleb.
  8062 | D:7      | Found a staircase to the Ecumenical Temple.
  8092 | Temple   | Entered the Ecumenical Temple
  8188 | Temple   | Became a worshipper of Gozag Ym Sagoz the Greedy
  8311 | D:7      | Learned a level 4 spell: Airstrike
  8353 | D:7      | Mangled by a wyvern zombie

Illustrated notes

Levels and vault maps discovered:
D:1:      lightli_arrival_farm, layout_loops_ring
D:2:      layout_basic, ebering_ecumenical_altar_sacrificial,
          minmay_misc_feat_plants, minmay_tromino_v4_c
D:3:      layout_rooms, serial_shops, nicolae_shop_hallway_plus, uniq_terence,
          uniq_robin
D:4:      layout_basic, uniq_pikel, uniq_natasha
D:5:      layout_basic, uniq_ijyb
D:6:      layout_loops_ring, nicolae_overflow_hidden_temple
D:7:      layout_basic, bloody_makhleb, minmay_temple_entry_wispy,
          serial_undead, serial_undead_d, serial_undead_a, serial_undead_d,
          serial_undead_b, serial_undead_f
Temple:   minmay_temple_bridge_d

Skill      XL: |  1  2  3  4  5  6  7  8  9 |
---------------+----------------------------+-----
Stealth        | 3 5 8 |  8.2
Conjurations   | 2 3 |  3.0
Air Magic      | 4 5 8 10 11 | 11.1
Dodging        | |  2.3
Spellcasting   | |  2.2

Action                   |  1- 3 |  4- 6 |  7- 9 || total
-------------------------+-------+-------+-------++-------
Melee: Unarmed           |    12 |       |       ||    12
       Tentacles         |     5 |    10 |    20 ||    35
       Constrict         |     9 |    10 |    19 ||    38
       Short sword       |    12 |    37 |    79 ||   128
       Punch             |     1 |       |     3 ||     4
       Whip              |       |       |    15 ||    15
 Cast: Shock             |    94 |    87 |   172 ||   353
       Static Discharge  |       |       |     1 ||     1
       Swiftness         |       |       |     1 ||     1
 Stab: Sleeping          |       |     1 |       ||     1
Armor: Skin              |     2 |     4 |    16 ||    22
Dodge: Dodged            |    21 |    28 |    57 ||   106
Block: Other             |       |       |     8 ||     8

Table legend: (Time is in decaauts)
 A = Elapsed time spent in this place.
 B = Non-inter-level travel time spent in this place.
 C = Inter-level travel time spent in this place.
 D = Time resting spent in this place.
 E = Time spent auto-exploring this place.
 F = Levels seen in this place.
 G = Mean time per level.
                   A        B        C        D        E       F      G
               +--------+--------+--------+--------+--------+-----+--------+
         Total |   8357 |   7910 |    447 |   1455 |   5437 |   8 | 1044.6 |
       Dungeon |   8187 |   7838 |    349 |   1455 |   5374 |   7 | 1169.6 |
        Temple |    169 |     71 |     98 |      0 |     63 |   1 |  169.0 |
               +--------+--------+--------+--------+--------+-----+--------+

Top non-repeatable levels by time:
     D:4: 1592 daAuts
     D:5: 1477 daAuts
     D:2: 1205 daAuts
     D:1: 1196 daAuts
     D:6: 1040 daAuts
     D:3: 1027 daAuts
     D:7: 647 daAuts
  Temple: 169 daAuts
